 Dungeon Crawl Stone Soup version 0.19-a0-1170-g18f0c96 (webtiles) character file.

737 bullock the Fighter (level 7, -1/62 HPs)
             Began as a Demonspawn Wanderer on Aug 18, 2016.
             Was a Believer of Makhleb.
             Slain by a sky beast (3 damage)
             ... on level 7 of the Dungeon.
             The game lasted 00:21:16 (6928 turns).

bullock the Fighter (Demonspawn Wanderer)           Turns: 6928, Time: 00:21:19

Health: -1/62      AC:  7    Str: 13    XL:     7   Next: 46%
Magic:  9/9        EV: 11    Int: 14    God:    Makhleb [**....]
Gold:   96         SH:  0    Dex: 13    Spells: 0 memorised, 6 levels left

rFire  . . .     SeeInvis .     r - +0 flail
rCold  . . .     Gourm    .     y - +0 ring mail
rNeg   . . .     Faith    .     (no shield)
rPois  .         Spirit   .     s - +0 helmet
rElec  .         Dismiss  .     (no cloak)
rCorr  +         Reflect  .     (no gloves)
MR     .....     Harm     .     e - +0 pair of boots
Stlth  +.........               (no amulet)
                                k - ring of flight
                                l - ring of resist corrosion

@: no status effects
A: talons 1, powered by death 1, rot immunity, sturdy frame 1
a: Minor Destruction, Renounce Religion, Evoke Flight


You were on level 7 of the Dungeon.
You worshipped Makhleb.
Makhleb was pleased with you.
You were very hungry.

You visited 1 branch of the dungeon, and saw 7 of its levels.

You collected 213 gold pieces.
You spent 117 gold pieces at shops.

Inventory:

Hand Weapons
 r - a +0 flail (weapon)
 w - a +0 rapier
 x - a +0 blowgun
Missiles
 m - 4 javelins of returning (quivered)
 o - a throwing net
 q - 42 poisoned needles
 t - 127 stones
Armour
 e - a +0 pair of boots (worn)
 s - a +0 helmet (worn)
 y - a +0 ring mail (worn)
Jewellery
 c - an uncursed amulet of rage {unknown}
 k - a ring of flight (right hand)
 l - a ring of resist corrosion (left hand)
Wands
 d - a wand of digging (14/24)
Scrolls
 g - 3 scrolls of recharging
 i - 2 scrolls of magic mapping {unknown}
 p - a scroll of teleportation {unknown}
 z - a scroll of immolation {unknown}
 B - 3 scrolls of remove curse
 C - 2 scrolls of blinking {unknown}
 D - a scroll of enchant weapon {unknown}
 E - a scroll of identify
Potions
 h - a potion of flight {unknown}
 u - 2 potions of degeneration {unknown}
 v - a potion of heal wounds {unknown}
 A - a potion of haste {unknown}
Books
 a - a book of Flames

   Spells                             Type                      Level
   a - Flame Tongue                   Conjuration/Fire             1
   b - Throw Flame                    Conjuration/Fire             2
   c - Conjure Flame                  Conjuration/Fire             3
   d - Inner Flame                    Hexes/Fire                   3
   e - Sticky Flame                   Conjuration/Fire             4
   f - Fireball                       Conjuration/Fire             5
 b - the Tome of the Voyage

   Spells                             Type                      Level
   a - Shroud of Golubria             Charms/Translocation         2
   b - Blink                          Translocation                2
Comestibles
 f - 3 bread rations
 F - a meat ration
 G - a slice of pizza
 H - a beef jerky


   Skills:
 + Level 8.1 Fighting
 - Level 1.0 Throwing
 - Level 1.0 Dodging
   Level 1.0 Shields
   Level 1.7 Transmutations
   Level 2.6 Fire Magic
 + Level 2.9 Invocations


You had 6 spell levels left.
You didn't know any spells.

Dungeon Overview and Level Annotations

Branches:
Dungeon (7/15)
 Temple: D:4-7

Altars:
Dithmenos
Fedhas
Makhleb
Yredelemnul

Shops:
D:5 *

Annotations:
D:4 jacquesderrida's ghost, weakling MiWr


Innate Abilities, Weirdness & Mutations

You have sharp toenails.
You regenerate a little health from kills.
You are immune to rotting.
Your movements are slightly less encumbered by armour. (ER -2)


Message History

The sky beast shocks you.
* * * LOW HITPOINT WARNING * * *
You hit the sky beast.
The sky beast is almost dead.
The sky beast closely misses you.
You hit the sky beast but do no damage.
The sky beast is almost dead.
The sky beast barely misses you.
The sky beast hits you but does no damage.
You hit the sky beast but do no damage.
The sky beast is severely wounded.
The sky beast hits you but does no damage.
You hit the sky beast.
The sky beast is severely wounded.
The sky beast hits you.
* * * LOW HITPOINT WARNING * * *
The sky beast shocks you.
* * * LOW HITPOINT WARNING * * *
The sky beast hits you.
You die...

# ##.
#...#########
#....@Y......
#...#########
###


You could see a sky beast.

Vanquished Creatures
  A howler monkey (D:5)
  3 hounds
  6 orc priests
  5 orc wizards
  2 worker ants
  9 adders
  3 oozes
  2 adder skeletons
  4 worms
  2 dart slugs
  7 giant geckos
  27 orcs
  2 ball pythons
  5 giant cockroaches
  8 goblins
  10 hobgoblins
  7 kobolds
  3 quokkas
  7 bats
  2 giant gecko skeletons (D:4)
  6 giant newts
  10 rats
131 creatures vanquished.

Vanquished Creatures (others)
  An orc (D:3)
1 creature vanquished.

Grand Total: 132 creatures vanquished

Notes
Turn   | Place    | Note
-------+----------+-------------------------------------------
     0 | D:1      | bullock the Demonspawn Wanderer began the quest for the Orb.
     0 | D:1      | bullock set off with: a book of Flames, the Tome of the Voyage, a potion of lignification, a +0 robe, a +0 club, a bread ration
     0 | D:1      | Reached XP level 1. HP: 16/16 MP: 1/1
    19 | D:1      | Identified the Tome of the Voyage
   405 | D:1      | Gained mutation: You have sharp toenails. [demonic ancestry]
   405 | D:1      | Reached XP level 2. HP: 23/23 MP: 2/2
   594 | D:1      | Reached skill level 3 in Fighting
   998 | D:2      | Found a burning altar of Makhleb.
  1060 | D:2      | Became a worshipper of Makhleb the Destroyer
  1133 | D:2      | Found a blossoming altar of Fedhas.
  1139 | D:2      | Reached XP level 3. HP: 26/29 MP: 3/3
  1359 | D:2      | Reached skill level 4 in Fighting
  1576 | D:2      | Gained mutation: You regenerate a little health from kills. [demonic ancestry]
  1576 | D:2      | Reached XP level 4. HP: 25/38 MP: 4/4
  1984 | D:3      | Reached * piety under Makhleb
  2048 | D:3      | Reached skill level 5 in Fighting
  2476 | D:3      | Reached XP level 5. HP: 44/44 MP: 5/5
  3032 | D:3      | Reached ** piety under Makhleb
  3045 | D:3      | Reached skill level 6 in Fighting
  3083 | D:3      | Gained mutation: You are immune to rotting. [demonic ancestry]
  3083 | D:3      | Reached XP level 6. HP: 35/53 MP: 6/6
  3371 | D:4      | Noticed jacquesderrida's ghost (weakling MiWr)
  4645 | D:4      | Found a basalt altar of Yredelemnul.
  4732 | D:4      | Reached skill level 7 in Fighting
  4753 | D:4      | HP: 2/55 [something/magic dart (6)]
  5023 | D:4      | Gained mutation: Your movements are slightly less encumbered by armour. (ER -2) [demonic ancestry]
  5023 | D:4      | Reached XP level 7. HP: 32/61 MP: 7/7
  5483 | D:5      | Entered Level 5 of the Dungeon
  5504 | D:5      | Found Peogilut's Assorted Antiques.
  5507 | D:5      | Bought a crooked fluorescent wand for 96 gold pieces
  5507 | D:5      | Bought a glowing inky potion for 21 gold pieces
  5852 | D:5      | Found a shadowy altar of Dithmenos.
  5865 | D:5      | Reached skill level 1 in Invocations
  6105 | D:5      | Reached skill level 8 in Fighting
  6928 | D:7      | HP: 2/62 [sky beast (5)]
  6928 | D:7      | Slain by a sky beast

Vault maps used:
D:1:      dpeg_arrival_simpleton_a
D:2:      fedhas_altar_2, first_bread, bloody_makhleb
D:3:      minmay_cut_off
D:4:      kennysheep_ying_yang
D:5:      nicolae_dithmenos_shadow_blocks, serial_shops, kennysheep_mini_moat
D:6:      nicolae_overflow_hidden_temple, serial_shops, shop, minivault_14,
          uniq_edmund
D:7:      nicolae_overflow_crystal_walls, serial_shops,
          nicolae_shop_overgrown_old_shop

Skill      XL: |  1  2  3  4  5  6  7 |
---------------+----------------------+-----
Fighting       | 3 4 5 6 7 8 |  8.1
Invocations    | 2 |  2.9
Throwing       | |  1.0
Dodging        | |  1.0
Shields        | |  1.0
Transmutations | |  1.7
Fire Magic     | |  2.6

Action                   |  1- 3 |  4- 6 |  7- 9 || total
-------------------------+-------+-------+-------++-------
Melee: Short sword       |    81 |       |       ||    81
       Club              |     5 |       |       ||     5
       Rapier            |    55 |   450 |    50 ||   555
       Flail             |       |       |    82 ||    82
 Fire: Hunting sling     |     4 |       |       ||     4
       Blowgun           |       |    18 |       ||    18
Throw: Javelin           |     3 |    14 |     1 ||    18
  Use: Scroll            |       |     5 |     2 ||     7
       Potion            |       |     5 |     3 ||     8
 Stab: Sleeping          |     1 |       |       ||     1
  Eat: Chunk             |     2 |     7 |     4 ||    13
       Bread ration      |       |     1 |       ||     1
       Royal jelly       |       |     1 |       ||     1
Armor: Leather armour    |    55 |       |       ||    55
       Ring mail         |       |   193 |    64 ||   257
       Skin              |       |    13 |       ||    13
Dodge: Dodged            |   105 |   256 |   114 ||   475
